Map: Abyssal Reef LE

Players

SamuraiFunn - Winner!

  • Race: Protoss Protoss
  • Spawn Location: 5:00

A.I. 1 (Elite)

  • Race: Protoss Protoss
  • Spawn Location: 11:00

VOD

Have the link to the VOD?

Description

Time

  • Played on: Nov. 24, 2017, 10:52 p.m.
  • Length: 7:53
Show
View Real Time Build Order
Export as new Build Order

SamuraiFunn Protoss - Winner!

Build Orders: 1 Gate Expand, Dark Templar Rush 

Get SALT Encoding   

  12  0:01  Probe  
  13  0:13  Probe  
  14  0:19  Pylon  
  14  0:25  Probe  
  15  0:37  Probe (Chrono Boost)  
  15  0:40  Gateway  
  16  0:49  Probe (Chrono Boost)  
  17  0:53  Probe (Chrono Boost)  
  17  0:57  Assimilator  
  18  1:10  Probe  
  19  1:23  Nexus  
  19  1:36  Cybernetics Core  
  19  1:38  Probe  
  20  1:45  Assimilator  
  20  1:50  Probe  
  21  1:59  Pylon  
  21  2:06  Probe  
  22  2:14  Warp Gate (Chrono Boost)  
  22  2:18  Probe  
  23  2:30  Probe  
  24  2:40  Twilight Council  
  24  2:45  Adept  
  26  2:52  Probe  
  26  2:53  Probe  
  28  3:06  Probe x2  
  30  3:31  Probe x2  
  30  3:32  Dark Shrine  
  32  3:36  Assimilator  
  32  3:38  Assimilator  
  32  3:43  Probe x2  
  32  3:46  Gateway  
  32  3:48  Gateway x2  
  34  3:55  Probe x2  
  36  4:23  Pylon  
  36  4:26  Probe x2  
  38  4:51  Probe x2  
  40  5:04  Dark Templar  
  40  5:05  Dark Templar x3  
  47  5:37  Dark Templar  
  47  5:38  Dark Templar x2  
  53  6:06  Pylon x2  
  53  6:07  Pylon  
  53  7:01  Dark Templar x4  
Show
View Real Time Build Order
Export as new Build Order

A.I. 1 (Elite) Protoss 

Build Orders: Zealot Archon 

Get SALT Encoding   

  12  0:00  Probe  
  13  0:13  Probe  
  14  0:19  Pylon  
  14  0:25  Probe  
  15  0:37  Probe  
  15  0:39  Gateway  
  16  0:47  Assimilator  
  16  0:49  Probe  
  17  1:01  Probe  
  17  1:02  Pylon  
  18  1:13  Probe  
  19  1:25  Probe  
  19  1:27  Zealot  
  19  1:28  Cybernetics Core  
  22  1:38  Probe  
  23  1:50  Probe  
  24  1:57  Gateway  
  24  1:59  Pylon  
  24  2:00  Zealot  
  26  2:02  Probe  
  27  2:27  Nexus  
  27  2:30  Probe  
  27  2:33  Warp Gate  
  28  2:41  Assimilator  
  28  2:42  Probe  
  29  2:50  Adept  
  31  2:54  Probe  
  31  2:56  Adept  
  34  3:06  Probe  
  34  3:09  Pylon  
  35  3:17  Stalker  
  35  3:18  Probe  
  38  3:31  Probe  
  38  3:38  Probe  
  39  3:42  Robotics Facility  
  39  3:43  Probe  
  40  3:51  Probe  
  40  3:52  Adept  
  40  3:55  Probe  
  44  4:01  Adept  
  46  4:03  Probe  
  46  4:07  Probe  
  48  4:15  Probe  
  49  4:19  Probe, Adept  
  49  4:22  Pylon  
  52  4:27  Probe  
  52  4:31  Probe  
  52  4:35  Immortal  
  57  4:39  Probe, Stalker  
  57  4:43  Probe  
  57  4:45  Pylon  
  61  4:51  Probe  
  62  4:53  Stalker  
  62  4:55  Probe  
  65  5:03  Probe  
  65  5:04  Robotics Facility  
  65  5:06  Stalker  
  68  5:07  Probe  
  69  5:15  Probe, Immortal  
  69  5:19  Probe  
  75  5:22  Sentry  
  75  5:24  Pylon  
  75  5:27  Probe  
  78  5:30  Twilight Council  
  78  5:36  Probe  
  78  5:39  Probe  
  76  5:44  Pylon  
  74  5:50  Assimilator  
  74  5:53  Probe  
  74  5:59  Probe  
  74  6:03  Zealot  
  74  6:09  Templar Archives  
  51  6:22  Zealot  
  48  6:29  Probe  
  48  6:31  Assimilator  
  48  6:41  Probe, Nexus  
  48  6:45  High Templar x2  
  47  6:53  Probe  
  37  7:11  Archon  
  32  7:17  Adept  
Tags
 
Composition
Zealot Archon
Matchup
PvP
Replay Pack
First 100 games
Spawn Locations
Cross Positions
Add a new tag
Caveats
  • Supply blocks, unpowered buildings, or Contaminate may cause inaccurate times.
  • Supply counts are checked every 10 seconds.